[Event "GambitGuide"]
[Site "Internet Chess Club"]
[Date "2014.10.30"]
[Round "1"]
[White "JSBach"]
[Black "fmarshall"]
[Result "1-0"]
[ICCResult "Black resigns"]
[WhiteElo "1651"]
[BlackElo "1371"]
[Opening "Vienna: `Frankenstein-Dracula' variation"]
[ECO "C27"]
[NIC "VG.02"]
[Time "17:58:44"]
[TimeControl "120+12"]

1. e4 e5 2. Nc3 Nf6 3. Bc4 Nxe4 4. Qh5 Nd6 5. Bb3 Nc6 6. Nb5 g6 7. Qf3 f5 8.
Qd5 Qe7 9. Nxc7+ Kd8 10. Nxa8 b6 11. Ba4 Bb7 12. Nxb6 axb6 13. Qb3 Kc7 14.
Ne2 Qe6 15. Qxe6 dxe6 16. d3 Nd4 17. f3 b5 18. Nxd4 exd4 19. Bb3 e5 20. a4
b4 21. Bd2 Nc8 22. a5 Na7 23. Be6 Bd6 24. Rg1 Re8 25. Bf7 Re7 26. Bg8 Rg7
27. Be6 Re7 28. Bb3 e4 29. fxe4 fxe4 30. dxe4 Rxe4+ 31. Kf2 Re8 32. Rgf1 Ba6
33. Rfe1 Rf8+ 34. Kg1 Nc6 35. Be6 Ne5 36. Bxb4 Bxb4 37. Rxe5 Kd6 38. Re4 Bc5
39. Rd1 d3+ 40. Kh1 Rf2 41. cxd3 Rxb2 42. d4 Bb4 43. Re5 Be2 44. Ra1 Bxa5
45. Rexa5 Kxe6 46. d5+ Kd6 47. R5a2 {Black resigns} 1-0

[Event "GambitGuide"]
[Site "Internet Chess Club"]
[Date "2014.10.30"]
[Round "1"]
[White "JSBach"]
[Black "rpenquin"]
[Result "1-0"]
[ICCResult "Black resigns"]
[WhiteElo "1652"]
[BlackElo "2186"]
[Opening "Vienna: `Frankenstein-Dracula' variation"]
[ECO "C27"]
[NIC "VG.02"]
[Time "18:03:59"]
[TimeControl "120+12"]

1. e4 e5 2. Nc3 Nf6 3. Bc4 Nxe4 4. Qh5 Nd6 5. Bb3 Nc6 6. Nb5 g6 7. Qf3 f5 8.
Qd5 Qe7 9. Nxc7+ Kd8 10. Nxa8 b6 11. Ba4 b5 12. Bxb5 Bb7 13. Bxc6 Bxc6 14.
Qa5+ Ke8 15. Nc7+ Kf7 16. Kf1 Qd8 17. Qxe5 Qxc7 18. Qxh8 Bg7 19. Qxh7 Bb5+
20. Ke1 Qc4 21. d3 Qxc2 22. Nf3 Bxd3 23. Ne5+ {Black resigns} 1-0

[Event "GambitGuide"]
[Site "Internet Chess Club"]
[Date "2014.10.30"]
[Round "1"]
[White "JSBach"]
[Black "Spidey"]
[Result "1-0"]
[ICCResult "Black resigns"]
[WhiteElo "1652"]
[BlackElo "1400"]
[Opening "Vienna: `Frankenstein-Dracula' variation"]
[ECO "C27"]
[NIC "VG.02"]
[Time "18:03:21"]
[TimeControl "120+12"]

1. e4 e5 2. Nc3 Nf6 3. Bc4 Nxe4 4. Qh5 Nd6 5. Bb3 Nc6 6. Nb5 g6 7. Qf3 f5 8.
Qd5 Qe7 9. Nxc7+ Kd8 10. Nxa8 b6 11. Ba4 Bb7 12. Nxb6 axb6 13. Qb3 Nc8 14.
Ne2 Qc5 15. Qf7 Qe7 16. Qxe7+ Bxe7 17. c3 Nd6 18. d3 Kc7 19. Bd2 Ba6 20. c4
e4 21. dxe4 Nxe4 22. Bf4+ Bd6 23. f3 Bxf4 24. Nxf4 Nd6 25. Nd5+ Kb7 26. b3
b5 27. cxb5 Bxb5 28. Bxb5 Nxb5 29. Nf6 Kc7 30. a4 Nd6 31. Nd5+ Kb7 32. Kf2
Ra8 33. b4 Ne5 34. b5 Ra5 35. Rhb1 Nd3+ 36. Ke2 Nc5 37. Rb4 Nc8 38. Rc4 d6
39. Rh4 Nb6 40. Rxh7+ {Black resigns} 1-0

[Event "GambitGuide"]
[Site "Internet Chess Club"]
[Date "2014.10.30"]
[Round "1"]
[White "JSBach"]
[Black "DOXDURAN"]
[Result "1-0"]
[ICCResult "Black forfeits on time"]
[WhiteElo "1652"]
[BlackElo "1629"]
[Opening "Vienna: `Frankenstein-Dracula' variation"]
[ECO "C27"]
[NIC "VG.02"]
[Time "17:52:04"]
[TimeControl "120+12"]

1. e4 e5 2. Nc3 Nf6 3. Bc4 Nxe4 4. Qh5 Nd6 5. Bb3 Nc6 6. Nb5 g6 7. Qf3 f5 8.
Qd5 Qe7 9. Nxc7+ Kd8 10. Nxa8 b6 11. Ba4 Bb7 12. Nxb6 axb6 13. Qb3 b5 14.
Nf3 bxa4 15. Qxa4 Nc8 16. Qb5 d6 17. b4 Bg7 18. Rb1 Qd7 19. O-O e4 20. Ng5
h6 21. Ne6+ Qxe6 22. Qxb7 Qd7 23. Qa6 N8e7 24. Re1 Qa7 25. Qc4 Qd4 26. Qb5
Qd5 27. Qa6 Ke8 28. b5 Nd4 29. c3 Ne6 30. b6 Nc5 31. Qa7 Qb7 32. f3 Kf7 33.
Qxb7 Nxb7 34. fxe4 f4 35. Rf1 g5 36. a4 Ra8 37. Rb4 Nc6 38. Rc4 Nc5 39. b7
Rb8 40. g3 Rxb7 41. gxf4 gxf4 42. Rxf4+ Kg6 43. d4 Nd3 44. Rxc6 Nxc1 45.
Rxd6+ Kg5 46. Rf5+ Kg4 47. Rg6+ Kh4 48. Rb5 Rf7 49. Rf5 Rc7 50. Rf4+ Kh5 51.
Rfg4 Ne2+ 52. Kf2 Nf4 53. Rxg7 Nh3+ 54. Ke2 Rxc3 55. Ke1 Ng5 56. Kd2 Ra3 57.
Rf4 Rxa4 58. Kc3 Ra1 59. e5 Ne6 60. Kb2 Nxf4 61. Kxa1 Ne6 62. Rd7 Kg5 63. d5
Kf5 64. dxe6 Kxe6 65. Rh7 Kxe5 66. Rxh6 Kf5 67. h4 {Black forfeits on time}
1-0

[Event "GambitGuide"]
[Site "Internet Chess Club"]
[Date "2014.10.30"]
[Round "1"]
[White "JSBach"]
[Black "asithink"]
[Result "1-0"]
[ICCResult "Black resigns"]
[WhiteElo "1652"]
[BlackElo "2016"]
[Opening "Vienna: `Frankenstein-Dracula' variation"]
[ECO "C27"]
[NIC "VG.02"]
[Time "18:04:45"]
[TimeControl "120+12"]

1. e4 e5 2. Nc3 Nf6 3. Bc4 Nxe4 4. Qh5 Nd6 5. Bb3 Nc6 6. Nb5 g6 7. Qf3 f5 8.
Qd5 Qe7 9. Nxc7+ Kd8 10. Nxa8 b6 11. Ba4 Bb7 12. Nxb6 axb6 13. Qb3 Kc7 14.
Nf3 Bh6 15. d3 Bxc1 16. Rxc1 e4 17. dxe4 Qxe4+ 18. Kf1 Re8 19. Re1 Qc4+ 20.
Qxc4 Rxe1+ 21. Kxe1 Nxc4 22. b3 Nd6 23. Bxc6 Bxc6 24. Ke2 Ne4 25. Ke3 h6 26.
Re1 g5 27. g3 Nc3 28. a3 Nd5+ 29. Kd2 Nf6 30. Nd4 Ne4+ 31. Ke3 f4+ 32. gxf4
gxf4+ 33. Kf3 Ng5+ 34. Kxf4 Nh3+ 35. Kg3 Ng5 36. Nxc6 {Black resigns} 1-0

[Event "GambitGuide"]
[Site "Internet Chess Club"]
[Date "2014.10.30"]
[Round "1"]
[White "JSBach"]
[Black "fmarshall"]
[Result "1-0"]
[ICCResult "Black resigns"]
[WhiteElo "1652"]
[BlackElo "1371"]
[Opening "Vienna: `Frankenstein-Dracula' variation"]
[ECO "C27"]
[NIC "VG.02"]
[Time "18:02:43"]
[TimeControl "120+12"]

1. e4 e5 2. Nc3 Nf6 3. Bc4 Nxe4 4. Qh5 Nd6 5. Bb3 Nc6 6. Nb5 g6 7. Qf3 f5 8.
Qd5 Qe7 9. Nxc7+ Kd8 10. Nxa8 b6 11. Ba4 Bb7 12. Nxb6 axb6 13. Qb3 Nc8 14.
Qd3 Kc7 15. c3 e4 16. Qd5 Qd6 17. Bb3 Qxd5 18. Bxd5 N6e7 19. Bb3 d5 20. Rb1
Kd6 21. Ne2 Ke5 22. Nd4 Nc6 23. Nb5 Nd6 24. Nc7 Na5 25. f4+ exf3 26. d4+ Kf6
27. Nxd5+ Bxd5 28. Bxd5 fxg2 29. Rg1 g5 30. Rxg2 h6 31. Kf2 Be7 32. Kf3 f4
33. h3 Nf5 34. Re2 Ng7 35. b4 Rd8 36. bxa5 Rxd5 37. axb6 h5 38. b7 g4+ 39.
Ke4 Rf5 40. b8=Q f3 41. Rf2 g3 42. Qxg3 h4 43. Qxh4+ Ke6 44. Qh6+ Bf6 45.
Rb7 Rh5 46. Rb6+ Kf7 47. Qxf6+ {Black resigns} 1-0

[Event "GambitGuide"]
[Site "Internet Chess Club"]
[Date "2014.10.30"]
[Round "1"]
[White "JSBach"]
[Black "Spidey"]
[Result "1-0"]
[ICCResult "Black resigns"]
[WhiteElo "1652"]
[BlackElo "1400"]
[Opening "Vienna: `Frankenstein-Dracula' variation"]
[ECO "C27"]
[NIC "VG.02"]
[Time "18:06:47"]
[TimeControl "120+12"]

1. e4 e5 2. Nc3 Nf6 3. Bc4 Nxe4 4. Qh5 Nd6 5. Bb3 Nc6 6. Nb5 g6 7. Qf3 f5 8.
Qd5 Qe7 9. Nxc7+ Kd8 10. Nxa8 b6 11. Ba4 Nb4 12. Qb3 Ne4 13. d3 Nf6 14. a3
Nc6 15. Nxb6 axb6 16. Qxb6+ Ke8 17. Bxc6 dxc6 18. Qxc6+ Bd7 19. Qb6 e4 20.
d4 Nd5 21. Qb8+ Kf7 22. Qe5 Be6 23. Qxh8 Bg7 24. Qxh7 Qa7 25. c3 Qa6 26. Bh6
{Black resigns}
1-0

[Event "GambitGuide"]
[Site "Internet Chess Club"]
[Date "2014.10.30"]
[Round "1"]
[White "JSBach"]
[Black "kuziyamisa"]
[Result "0-1"]
[ICCResult "White checkmated"]
[WhiteElo "1652"]
[BlackElo "1310"]
[Opening "Vienna: `Frankenstein-Dracula' variation"]
[ECO "C27"]
[NIC "VG.02"]
[Time "18:01:58"]
[TimeControl "120+12"]

1. e4 e5 2. Nc3 Nf6 3. Bc4 Nxe4 4. Qh5 Nd6 5. Bb3 Nc6 6. Nb5 g6 7. Qf3 f5 8.
Qd5 Qe7 9. Nxc7+ Kd8 10. Nxa8 b6 11. Ba4 Bb7 12. Nxb6 axb6 13. Qb3 Kc7 14.
Ne2 Qg5 15. O-O Nd4 16. Qc3+ Kd8 17. Qh3 Nxe2+ 18. Kh1 Nf4 19. Qg3 Bxg2+ 20.
Kg1 Qxg3 21. fxg3 Bxf1 22. gxf4 b5 23. Kxf1 bxa4 24. fxe5 Nc4 25. d4 d6 26.
e6 Bg7 27. c3 Bf6 28. b3 Nb6 29. Bf4 Ke7 30. Re1 Rc8 31. Bd2 Nd5 32. c4 Nb6
33. d5 axb3 34. axb3 Ra8 35. Be3 Nc8 36. Bf2 Ra3 37. Rb1 Kd8 38. Kg2 Ne7 39.
h4 Kc7 40. Kf3 Ng8 41. Kg2 Nh6 42. Be3 Ng4 43. Bc1 Ra2+ 44. Kg3 Rh2 45. Bg5
Bxg5 46. hxg5 Re2 47. Kf3 Re5 48. b4 Ne3 49. Rc1 Kb6 50. Rc3 Nd1 51. Rb3 Re4
52. c5+ dxc5 53. bxc5+ Kxc5 54. Rd3 Nb2 55. Rd2 Nc4 56. Rd1 Kd6 57. Kf2 Nb6
58. Re1 Rxe1 59. Kxe1 Nxd5 60. Kf2 Kxe6 61. Kg3 f4+ 62. Kg4 Ke5 63. Kh3 Kf5
64. Kg2 Kxg5 65. Kf2 Kf5 66. Ke2 g5 67. Ke1 g4 68. Ke2 f3+ 69. Kf2 Kf4 70.
Kg1 g3 71. Kf1 h5 72. Kg1 h4 73. Kh1 h3 74. Kg1 Ne3 75. Kh1 Nf5 76. Kg1 Nh4
77. Kh1 g2+ 78. Kh2 Ke3 79. Kxh3 g1=Q 80. Kxh4 f2 81. Kh3 f1=Q+ 82. Kh4 Qf4+
83. Kh5 Qfh2# {White checkmated} 0-1

[Event "GambitGuide"]
[Site "Internet Chess Club"]
[Date "2014.10.30"]
[Round "1"]
[White "JSBach"]
[Black "crazymama"]
[Result "1-0"]
[ICCResult "Black resigns"]
[WhiteElo "1652"]
[BlackElo "1191"]
[Opening "Vienna: `Frankenstein-Dracula' variation"]
[ECO "C27"]
[NIC "VG.02"]
[Time "18:07:13"]
[TimeControl "120+12"]

1. e4 e5 2. Nc3 Nf6 3. Bc4 Nxe4 4. Qh5 Nd6 5. Bb3 Nc6 6. Nb5 g6 7. Qf3 f5 8.
Qd5 Qe7 9. Nxc7+ Kd8 10. Nxa8 b6 11. Ba4 Bb7 12. Nxb6 axb6 13. Qb3 Nd4 14.
Qxb6+ Ke8 15. Kf1 Kf7 16. c3 Nc6 17. Bb3+ Kg7 18. Bd5 Qd8 19. Qxd8 Nxd8 20.
Bxb7 N8xb7 21. a4 Nc5 22. b4 Nb3 23. Rb1 Nxc1 24. Rxc1 Be7 25. Ke1 Ra8 26.
a5 Ne4 27. Nf3 d6 28. d3 Nf6 29. Ke2 Nd5 30. g3 Nxc3+ 31. Rxc3 {Black
resigns} 1-0

[Event "GambitGuide"]
[Site "Internet Chess Club"]
[Date "2014.10.30"]
[Round "1"]
[White "JSBach"]
[Black "Muravey"]
[Result "0-1"]
[ICCResult "White checkmated"]
[WhiteElo "1652"]
[BlackElo "1841"]
[Opening "Vienna: `Frankenstein-Dracula' variation"]
[ECO "C27"]
[NIC "VG.02"]
[Time "18:02:56"]
[TimeControl "120+12"]

1. e4 e5 2. Nc3 Nf6 3. Bc4 Nxe4 4. Qh5 Nd6 5. Bb3 Nc6 6. Nb5 g6 7. Qf3 f5 8.
Qd5 Qe7 9. Nxc7+ Kd8 10. Nxa8 b6 11. Ba4 Bb7 12. Nxb6 axb6 13. Qb3 Nc8 14.
Nf3 Nd4 15. Nxd4 exd4+ 16. Kf1 Bg7 17. Qb5 Re8 18. Kg1 Qe1+ 19. Qf1 h6 20.
f3 Ba6 21. d3 Qa5 22. Bb3 g5 23. Bf7 Re7 24. Bg6 Kc7 25. a4 Kb7 26. Kf2 Nd6
27. Qd1 Re6 28. Bh5 Qe5 29. Qe1 Qc5 30. Qd2 Be5 31. Kg1 Bf4 32. Qd1 Be5 33.
Ra3 Bf6 34. f4 g4 35. Rb3 Ka7 36. Qd2 Bb7 37. Bg6 Bh4 38. g3 Bxh1 39. Kxh1
Bd8 40. Bh5 Qc6+ 41. Kg1 Bc7 42. Rb4 Qc5 43. Rb3 Ne8 44. Bf7 Re7 45. Rb5 Qd6
46. Rxf5 Nf6 47. Bc4 h5 48. Rb5 h4 49. gxh4 Rh7 50. Qf2 Nh5 51. Rd5 Qf6 52.
Qxd4 Qxh4 53. Rxd7 Qe1+ 54. Kg2 Qe2+ 55. Kg1 Qd1+ 56. Kg2 Qxc2+ 57. Kg1
Qxc1+ 58. Kf2 Qd2+ 59. Kf1 Qd1+ 60. Kf2 Qf3+ 61. Kg1 Nxf4 62. Qxf4 Qxf4 63.
Rxh7 Qe3+ 64. Kg2 Qf3+ 65. Kg1 Qd1+ 66. Kg2 Qe2+ 67. Kg1 Qe5 68. Be6 Qxe6
69. Rxc7+ Ka6 70. Rc4 Qe3+ 71. Kg2 Qf3+ 72. Kg1 Qxd3 73. b3 Qxb3 74. Rf4
Qd1+ 75. Kg2 Qe2+ 76. Kg3 Qe3+ 77. Kxg4 Qe2+ 78. Kg3 Qe3+ 79. Rf3 Qg1+ 80.
Kh3 Qg5 81. Rb3 Qf5+ 82. Kg3 Qe5+ 83. Kg2 Qe2+ 84. Kg3 Qe1+ 85. Kg2 Qe2+ 86.
Kg3 Qe5+ 87. Kg2 Qd5+ 88. Rf3 Qe4 89. Kg3 Qxa4 90. h4 Qd7 91. h5 Qh7 92. Kg4
b5 93. Rf6+ Ka5 94. Rf5 Ka4 95. Rf2 b4 96. Ra2+ Kb5 97. Rf2 b3 98. Re2 Kb4
99. Kh4 Ka3 100. Re3 Ka2 101. Kg5 b2 102. Re2 Ka1 103. Rxb2 Kxb2 104. h6 Kc3
105. Kh5 Kd4 106. Kg5 Ke5 107. Kh5 Kf5 108. Kh4 Qxh6+ 109. Kg3 Qd2 110. Kf3
Qd3+ 111. Kf2 Kf4 112. Kg2 Qe2+ 113. Kh3 Qg4+ 114. Kh2 Kf3 115. Kh1 Qg2#
{White checkmated}
0-1

[Event "GambitGuide"]
[Site "Internet Chess Club"]
[Date "2014.10.30"]
[Round "1"]
[White "JSBach"]
[Black "chess-rehab"]
[Result "1-0"]
[ICCResult "Black resigns"]
[WhiteElo "1652"]
[BlackElo "2094"]
[Opening "Vienna: `Frankenstein-Dracula' variation"]
[ECO "C27"]
[NIC "VG.02"]
[Time "18:08:50"]
[TimeControl "120+12"]

1. e4 e5 2. Nc3 Nf6 3. Bc4 Nxe4 4. Qh5 Nd6 5. Bb3 Nc6 6. Nb5 g6 7. Qf3 f5 8.
Qd5 Qe7 9. Nxc7+ Kd8 10. Nxa8 b6 11. Ba4 Bb7 12. Nxb6 axb6 13. Qb3 Kc7 14.
Ne2 Nd4 15. Nxd4 exd4+ 16. Kf1 Ba6+ 17. d3 b5 18. Bxb5 Bxb5 19. Bf4 Bc6 20.
Qc4 Bg7 21. Re1 Qf6 22. Qc5 g5 23. Be5 Qg6 24. Qxd4 Bxe5 25. Rxe5 Re8 26.
Qa7+ Bb7 27. Rc5+ Kd8 28. Qb8+ Ke7 29. Re5+ Kf8 30. Rxe8+ Qxe8 31. Qxd6+ Qe7
32. Qb8+ {Black resigns} 1-0

[Event "GambitGuide"]
[Site "Internet Chess Club"]
[Date "2014.10.30"]
[Round "1"]
[White "JSBach"]
[Black "chess-rehab"]
[Result "1-0"]
[ICCResult "Black resigns"]
[WhiteElo "1652"]
[BlackElo "2094"]
[Opening "Vienna: `Frankenstein-Dracula' variation"]
[ECO "C27"]
[NIC "VG.02"]
[Time "18:10:49"]
[TimeControl "120+12"]

1. e4 e5 2. Nc3 Nf6 3. Bc4 Nxe4 4. Qh5 Nd6 5. Bb3 Nc6 6. Nb5 g6 7. Qf3 f5 8.
Qd5 Qe7 9. Nxc7+ Kd8 10. Nxa8 b6 11. Ba4 Bb7 12. Nxb6 a6 13. Qc5 {Black
resigns} 1-0

[Event "GambitGuide"]
[Site "Internet Chess Club"]
[Date "2014.10.30"]
[Round "1"]
[White "JSBach"]
[Black "jewels2"]
[Result "1-0"]
[ICCResult "Black resigns"]
[WhiteElo "1652"]
[BlackElo "1124"]
[Opening "Vienna: `Frankenstein-Dracula' variation"]
[ECO "C27"]
[NIC "VG.02"]
[Time "18:05:31"]
[TimeControl "120+12"]

1. e4 e5 2. Nc3 Nf6 3. Bc4 Nxe4 4. Qh5 Nd6 5. Bb3 Nc6 6. Nb5 g6 7. Qf3 f5 8.
Qd5 Qe7 9. Nxc7+ Kd8 10. Nxa8 b6 11. Ba4 Nd4 12. f4 exf4+ 13. Kd1 Bb7 14.
Qxd4 Bg7 15. Qxf4 Bxg2 16. Nxb6 axb6 17. Qf2 Bxh1 18. Qxb6+ Ke8 19. Qb8+ Kf7
20. Qc7 Ne4 21. Bb3+ Kf6 22. Qb6+ d6 23. d3 Nc5 24. Bf4 Nxb3 25. axb3 Rd8
26. Ra7 Rd7 27. Rxd7 Qxd7 28. Qxd6+ Qxd6 29. Bxd6 Ke6 30. Ba3 Be5 31. h3 Bh2
32. Ne2 Bf3 33. c4 h5 34. Bc5 g5 35. Kd2 g4 36. Nd4+ Ke5 37. Nxf3+ gxf3 38.
Kc3 Bg3 39. Kd2 f2 40. Ke2 f4 41. Bxf2 Bxf2 42. Kxf2 Kf5 43. c5 Kg5 44. c6
Kh4 45. c7 Kxh3 46. c8=Q+ Kh2 47. Qh8 {Black resigns} 1-0

[Event "GambitGuide"]
[Site "Internet Chess Club"]
[Date "2014.10.30"]
[Round "1"]
[White "JSBach"]
[Black "Spidey"]
[Result "1-0"]
[ICCResult "Black resigns"]
[WhiteElo "1652"]
[BlackElo "1400"]
[Opening "Vienna: `Frankenstein-Dracula' variation"]
[ECO "C27"]
[NIC "VG.02"]
[Time "18:09:19"]
[TimeControl "120+12"]

1. e4 e5 2. Nc3 Nf6 3. Bc4 Nxe4 4. Qh5 Nd6 5. Bb3 Nc6 6. Nb5 g6 7. Qf3 f5 8.
Qd5 Qe7 9. Nxc7+ Kd8 10. Nxa8 b6 11. Ba4 Bb7 12. Nxb6 axb6 13. Qb3 Kc7 14.
Ne2 e4 15. d4 exd3 16. Qxd3 Bg7 17. O-O Ne5 18. Qe3 Ndc4 19. Qf4 g5 20. Qxf5
Rf8 21. Qxh7 Rf7 22. Rd1 Bc6 23. Bxc6 Nxc6 24. Qh5 Be5 25. Bxg5 Qf8 26. Bh6
Qe7 27. Nc3 Bd4 28. Nd5+ {Black resigns} 1-0

[Event "GambitGuide"]
[Site "Internet Chess Club"]
[Date "2014.10.30"]
[Round "1"]
[White "JSBach"]
[Black "fmarshall"]
[Result "0-1"]
[ICCResult "White checkmated"]
[WhiteElo "1652"]
[BlackElo "1371"]
[Opening "Vienna: `Frankenstein-Dracula' variation"]
[ECO "C27"]
[NIC "VG.02"]
[Time "18:07:50"]
[TimeControl "120+12"]

1. e4 e5 2. Nc3 Nf6 3. Bc4 Nxe4 4. Qh5 Nd6 5. Bb3 Nc6 6. Nb5 g6 7. Qf3 f5 8.
Qd5 Qe7 9. Nxc7+ Kd8 10. Nxa8 b6 11. Ba4 Bb7 12. Nxb6 axb6 13. Qb3 Nc8 14.
Ne2 Nd4 15. Nxd4 exd4+ 16. Kf1 Bg7 17. Qc4 Re8 18. Kg1 Nd6 19. Qf1 d3 20.
Qxd3 Qg5 21. Qf1 Re1 22. Bc6 Bxc6 23. g3 Rxf1+ 24. Kxf1 Bxh1 25. d4 Qh5 26.
Bf4 Ne4 27. Kg1 Qf3 28. Bg5+ Bf6 29. Bxf6+ Nxf6 30. Kf1 Ne4 31. Ke1 Qxf2+
32. Kd1 Qd2# {White checkmated} 0-1

[Event "GambitGuide"]
[Site "Internet Chess Club"]
[Date "2014.10.30"]
[Round "1"]
[White "JSBach"]
[Black "Sotsky"]
[Result "1-0"]
[ICCResult "Black resigns"]
[WhiteElo "1652"]
[BlackElo "2401"]
[Opening "Vienna: `Frankenstein-Dracula' variation"]
[ECO "C27"]
[NIC "VG.02"]
[Time "18:10:49"]
[TimeControl "120+12"]

1. e4 e5 2. Nc3 Nf6 3. Bc4 Nxe4 4. Qh5 Nd6 5. Bb3 Nc6 6. Nb5 g6 7. Qf3 f5 8.
Qd5 Qe7 9. Nxc7+ Kd8 10. Nxa8 b6 11. Ba4 Bb7 12. Nxb6 axb6 13. Qb3 Kc7 14.
Ne2 Bg7 15. Nc3 Nd4 16. Nd5+ Bxd5 17. Qxd5 Qg5 18. c3 Ne6 19. d4 f4 20. Bd2
h6 21. h4 Qg4 22. dxe5 Nf5 23. Qxd7+ {Black resigns} 1-0

[Event "GambitGuide"]
[Site "Internet Chess Club"]
[Date "2014.10.30"]
[Round "1"]
[White "JSBach"]
[Black "chess-rehab"]
[Result "1-0"]
[ICCResult "Black resigns"]
[WhiteElo "1652"]
[BlackElo "2094"]
[Opening "Vienna: `Frankenstein-Dracula' variation"]
[ECO "C27"]
[NIC "VG.02"]
[Time "18:11:01"]
[TimeControl "120+12"]

1. e4 e5 2. Nc3 Nf6 3. Bc4 Nxe4 4. Qh5 Nd6 5. Bb3 Nc6 6. Nb5 g6 7. Qf3 f5 8.
Qd5 Qe7 9. Nxc7+ Kd8 10. Nxa8 b6 11. Ba4 Bb7 12. Nxb6 axb6 13. Qb3 Kc7 14.
Ne2 Nd4 15. Nxd4 exd4+ 16. Kf1 Ba6+ 17. d3 b5 18. Bf4 bxa4 19. Qxa4 Bb7 20.
Qxd4 Bg7 21. Bxd6+ Qxd6 22. Qxg7 {Black resigns} 1-0

[Event "GambitGuide"]
[Site "Internet Chess Club"]
[Date "2014.10.30"]
[Round "1"]
[White "JSBach"]
[Black "Sotsky"]
[Result "1-0"]
[ICCResult "Black resigns"]
[WhiteElo "1652"]
[BlackElo "2401"]
[Opening "Vienna: `Frankenstein-Dracula' variation"]
[ECO "C27"]
[NIC "VG.02"]
[Time "18:12:07"]
[TimeControl "120+12"]

1. e4 e5 2. Nc3 Nf6 3. Bc4 Nxe4 4. Qh5 Nd6 5. Bb3 Nc6 6. Nb5 g6 7. Qf3 f5 8.
Qd5 Qe7 9. Nxc7+ Kd8 10. Nxa8 b6 11. Ba4 Nb4 12. Qb3 Ne4 13. d3 Nc5 14. Qc4
Nxa4 15. Qc7+ Ke8 16. Qxc8+ Kf7 17. Nf3 e4 18. Ng5+ Kg7 19. d4 h6 20. Nh3
Kh7 21. Qc4 Bg7 22. Nc7 Rc8 23. a3 d5 24. Qxb4 Qxc7 25. Qxa4 {Black resigns}
1-0

[Event "GambitGuide"]
[Site "Internet Chess Club"]
[Date "2014.10.30"]
[Round "1"]
[White "JSBach"]
[Black "Spidey"]
[Result "0-1"]
[ICCResult "White checkmated"]
[WhiteElo "1652"]
[BlackElo "1400"]
[Opening "Vienna: `Frankenstein-Dracula' variation"]
[ECO "C27"]
[NIC "VG.02"]
[Time "18:12:01"]
[TimeControl "120+12"]

1. e4 e5 2. Nc3 Nf6 3. Bc4 Nxe4 4. Qh5 Nd6 5. Bb3 Nc6 6. Nb5 g6 7. Qf3 f5 8.
Qd5 Qe7 9. Nxc7+ Kd8 10. Nxa8 b6 11. Ba4 Bb7 12. Nxb6 axb6 13. Qb3 Kc7 14.
Ne2 e4 15. Qd5 Bg7 16. Qb3 Be5 17. Nc3 Nd4 18. Nd5+ Bxd5 19. Qxd5 f4 20. Bb3
Qg5 21. O-O Ne2+ 22. Kh1 f3 23. g3 Qg4 24. Qxe5 Qh3 25. Rg1 Nxg1 26. Qc3+
Kb7 27. Bd5+ Kb8 28. Qxh8+ Nc8 29. Qe5+ d6 30. Qxd6+ Nxd6 31. Kxg1 Qg2#
{White checkmated}
0-1

[Event "GambitGuide"]
[Site "Internet Chess Club"]
[Date "2014.10.30"]
[Round "1"]
[White "JSBach"]
[Black "Heian"]
[Result "1-0"]
[ICCResult "Black resigns"]
[WhiteElo "1652"]
[BlackElo "1562"]
[Opening "Vienna: `Frankenstein-Dracula' variation"]
[ECO "C27"]
[NIC "VG.02"]
[Time "18:14:10"]
[TimeControl "120+12"]

1. e4 e5 2. Nc3 Nf6 3. Bc4 Nxe4 4. Qh5 Nd6 5. Bb3 Nc6 6. Nb5 g6 7. Qf3 f5 8.
Qd5 Qe7 9. Nxc7+ Kd8 10. Nxa8 b6 11. Ba4 Bb7 12. Nxb6 axb6 13. Qb3 Nc8 14.
Nf3 e4 15. Ng1 Bg7 16. Qd5 Kc7 17. Ne2 Nd4 18. Qc4+ Nc6 19. Nc3 Nd6 20. Nd5+
Kd8 21. Qb3 Qe5 22. Nxb6 Nd4 23. Qc3 N6b5 24. Qg3 Qc5 25. Qb8+ Ke7 26. Qxb7
Nd6 27. Qa7 Nc6 28. Nc8+ Nxc8 29. Qxc5+ {Black resigns} 1-0

[Event "GambitGuide"]
[Site "Internet Chess Club"]
[Date "2014.10.30"]
[Round "1"]
[White "JSBach"]
[Black "chess-rehab"]
[Result "0-1"]
[ICCResult "White checkmated"]
[WhiteElo "1652"]
[BlackElo "2094"]
[Opening "Vienna: `Frankenstein-Dracula' variation"]
[ECO "C27"]
[NIC "VG.02"]
[Time "18:13:30"]
[TimeControl "120+12"]

1. e4 e5 2. Nc3 Nf6 3. Bc4 Nxe4 4. Qh5 Nd6 5. Bb3 Nc6 6. Nb5 g6 7. Qf3 f5 8.
Qd5 Qe7 9. Nxc7+ Kd8 10. Nxa8 b6 11. Ba4 Bb7 12. Nxb6 axb6 13. Qb3 b5 14.
Ne2 bxa4 15. Qxa4 Nd4 16. Nxd4 exd4+ 17. Kf1 Qe4 18. f3 Qd5 19. Kf2 d3 20.
cxd3 Bg7 21. Re1 Qxd3 22. Qa5+ Kc8 23. Qc5+ Bc6 24. Qa5 Bd4+ 25. Kg3 f4+ 26.
Kxf4 Bf2 27. Qe5 Rf8+ 28. Kg4 h5+ 29. Kh3 Rxf3+ 30. gxf3 Qxf3+ 31. Qg3 Bxg3
32. hxg3 Nf5 33. Rg1 g5 34. a3 g4+ 35. Kh2 h4 36. b4 hxg3+ 37. Rxg3 Qxg3#
{White checkmated}
0-1

[Event "GambitGuide"]
[Site "Internet Chess Club"]
[Date "2014.10.30"]
[Round "1"]
[White "JSBach"]
[Black "waynehatcher"]
[Result "1-0"]
[ICCResult "Black checkmated"]
[WhiteElo "1652"]
[BlackElo "1858"]
[Opening "Vienna: `Frankenstein-Dracula' variation"]
[ECO "C27"]
[NIC "VG.02"]
[Time "18:14:20"]
[TimeControl "120+12"]

1. e4 e5 2. Nc3 Nf6 3. Bc4 Nxe4 4. Qh5 Nd6 5. Bb3 Nc6 6. Nb5 g6 7. Qf3 f5 8.
Qd5 Qe7 9. Nxc7+ Kd8 10. Nxa8 b6 11. Ba4 Bb7 12. Nxb6 axb6 13. Qb3 Nc8 14.
Ne2 Qb4 15. Qf7 Qe7 16. Qxe7+ Bxe7 17. c3 d6 18. d3 Nb8 19. Rg1 Bc6 20. Bxc6
Nxc6 21. Bh6 Rg8 22. Rd1 Bf8 23. Bxf8 Rxf8 24. d4 Ke7 25. d5 Nd8 26. c4 Nf7
27. a4 Rd8 28. Kd2 Rd7 29. Nc3 Rb7 30. Nb5 Na7 31. Nxa7 Rxa7 32. b3 Kd7 33.
h4 Nd8 34. Rh1 Nb7 35. h5 g5 36. Kc3 Nc5 37. f3 h6 38. Rhe1 Ra8 39. Kc2 Rf8
40. Kc3 Rg8 41. Kb4 Kc7 42. Re3 f4 43. Rc3 g4 44. a5 gxf3 45. axb6+ Kxb6 46.
gxf3 Rg2 47. Rcc1 Rb2 48. Rb1 Ra2 49. Rg1 Rd2 50. Rg6 Nd3+ 51. Kc3 Rb2 52.
Rxb2 Nc1 53. Kd2 Kc5 54. Kxc1 Kd4 55. Rd2+ Kc3 56. Rxd6 Kxb3 57. Rc2 e4 58.
fxe4 f3 59. Rb6+ Ka4 60. Ra2# {Black checkmated} 1-0

[Event "GambitGuide"]
[Site "Internet Chess Club"]
[Date "2014.10.30"]
[Round "1"]
[White "JSBach"]
[Black "Heian"]
[Result "1-0"]
[ICCResult "Black resigns"]
[WhiteElo "1652"]
[BlackElo "1562"]
[Opening "Vienna: `Frankenstein-Dracula' variation"]
[ECO "C27"]
[NIC "VG.02"]
[Time "18:15:49"]
[TimeControl "120+12"]

1. e4 e5 2. Nc3 Nf6 3. Bc4 Nxe4 4. Qh5 Nd6 5. Bb3 Nc6 6. Nb5 g6 7. Qf3 f5 8.
Qd5 Qe7 9. Nxc7+ Kd8 10. Nxa8 b6 11. Ba4 Bb7 12. Nxb6 axb6 13. Qb3 Kc7 14.
Ne2 Nc8 15. Qc4 Qc5 16. d3 Qxc4 17. dxc4 e4 18. Bd2 Bg7 19. O-O-O Nb4 20.
Bxb4 {Black resigns} 1-0